 Dungeon Crawl Stone Soup version 0.31-a0-150-g89dc3ad700 (webtiles) character file.

Game seed: 1424568273508381849

18 iguanaiguana the Sneak (level 2, -3/18 HPs)
             Began as a Deep Elf Delver on June 9, 2023.
             Frozen to death by an endoplasm (5 damage)
             ... on level 1 of the Dungeon.
             The game lasted 00:00:49 (258 turns).

iguanaiguana the Sneak (Deep Elf Delver)             Turns: 258, Time: 00:00:50

Health: -3/18      AC:  3    Str:  9    XL:     2   Next: 48%
Magic:  4/4        EV: 12    Int: 14    God:
Gold:   28         SH:  0    Dex: 16    Spells: 1/1 levels left

rFire   . . .        a - +0 short sword
rCold   . . .        (no shield)
rNeg    . . .        b - +0 leather armour
rPois   .            (no helmet)
rElec   .            (no cloak)
rCorr   .            (no gloves)
SInv    .            (no boots)
Will    .....        (no amulet)
Stlth   +++          (no ring)
HPRegen 0.23/turn    (no ring)
MPRegen 0.09/turn

%: no passive effects
@: no status effects
A: no striking features
a: no special abilities


You were on level 1 of the Dungeon.
You visited 1 branch of the dungeon, and saw 5 of its levels.

You collected 28 gold pieces.

Inventory:

Hand Weapons
 a - a +0 short sword (weapon)
Armour
 b - a +0 leather armour (worn)
 h - a +0 cloak
Wands
 g - a wand of digging (3) {@v3}
Scrolls
 c - a scroll of fog
 d - a scroll of silence {unknown}
 e - a scroll of fear
Potions
 f - a potion of haste {@q4}
 i - a potion of curing {unknown}
 j - a potion of brilliance {unknown}


   Skills:
 - Level 2.4 Fighting
 + Level 3.1 Short Blades
 - Level 2.4 Dodging
 - Level 6.0 Stealth


You had one spell level left.
You didn't know any spells.
Your spell library was empty.

Dungeon Overview and Level Annotations

Branches:
Dungeon (5/15) Zot: 26902  Temple (0/1) D:4

Altars:


Message History

The jackal bites you.
You barely miss the kobold. You hit the kobold but do no damage.
The endoplasm freezes you.
You are frozen.
You hit the kobold.
You kill the kobold!
You miss the jackal. The jackal bites you. x2
* * * LOW HITPOINT WARNING * * *
You are too injured to fight recklessly!
You are too injured to fight recklessly!
You are too injured to fight recklessly!
You are too injured to fight recklessly!
You are too injured to fight recklessly!
You are too injured to fight recklessly!
You are too injured to fight recklessly!
You are too injured to fight recklessly!
You are too injured to fight recklessly!
You are too injured to fight recklessly!
You hit the endoplasm.
The endoplasm is almost dead.
A bat comes into view.
You hit the endoplasm but do no damage.
The endoplasm is almost dead.
The endoplasm freezes you.
You are frozen.
* * * LOW HITPOINT WARNING * * *
You hit the endoplasm.
You kill the endoplasm!
The jackal bites you.
* * * LOW HITPOINT WARNING * * *
The hobgoblin attacks as you move away! The jackal bites you.
* * * LOW HITPOINT WARNING * * *
The endoplasm freezes you.
You are frozen.
* * * LOW HITPOINT WARNING * * *
The jackal attacks as you move away! The endoplasm freezes you.
You are frozen.
You die...

.# ######### #.# .#
###.......####.####.#
............>......
#.......#.#.....#
...###).b....#.#.....#
..[...ghh....#.......#
..###.##J@...........#
#..............).#
.....!#.............#
................#####
................#
........##.####.#
.........#.####.#
.........#......#
######.#


You could see an endoplasm, 2 jackals, a hobgoblin and a bat.

Vanquished Creatures
  An adder (D:2)
  An endoplasm (D:1)
  A jackal (D:1)
  A quokka (D:3)
  A ball python (D:3)
  A bat (D:3)
  2 kobolds (D:1)
  A rat (D:2)
9 creatures vanquished.

Notes
Turn   | Place    | Note
-------+----------+-------------------------------------------
     0 | D:5      | iguanaiguana the Deep Elf Delver began the quest for the
                  | Orb.
     0 | D:5      | Reached XP level 1. HP: 13/13 MP: 3/3
   113 | D:2      | Reached XP level 2. HP: 18/18 MP: 4/4
   258 | D:1      | Frozen to death by an endoplasm

Illustrated notes

Levels and vault maps discovered:
D:1:      amcnicky_arrival_blooded_trapdoor, layout_basic,
          hangedman_decor_slide_cut
D:2:      layout_basic, columned_hall_lemuel
D:3:      layout_basic, nicolae_ecumenical_lake_church
D:4:      nicolae_BIG_FREAKIN_CUBE, layout_loops_ring
D:5:      layout_basic

Skill      XL: |  1  2 |
---------------+-------+-----
Short Blades   | 3 |  3.1
Fighting       | |  2.4
Dodging        | |  2.4
Stealth        | |  6.0

Action                     || total
---------------------------++-------
  Melee: Short sword       ||    25
    Use: Scroll            ||     1
   Stab: Sleeping          ||     4
 Armour: Leather armour    ||    15
  Dodge: Dodged            ||    26

Table legend: (Time is in decaauts)
 A = Elapsed time spent in this place.
 B = Non-inter-level travel time spent in this place.
 C = Inter-level travel time spent in this place.
 D = Time resting spent in this place.
 E = Time spent auto-exploring this place.
 F = Levels seen in this place.
 G = Mean time per level.
                   A        B        C        D        E       F      G
               +--------+--------+--------+--------+--------+-----+--------+
         Total |    253 |    231 |     22 |      0 |    139 |   5 |   50.6 |
       Dungeon |    253 |    231 |     22 |      0 |    139 |   5 |   50.6 |
               +--------+--------+--------+--------+--------+-----+--------+

Top non-repeatable levels by time:
     D:1: 96 daAuts
     D:3: 84 daAuts
     D:2: 51 daAuts
     D:5: 12 daAuts
     D:4: 8 daAuts
